SAA
LANCASTER FARMERS @ ATLANTIC CITY SONICS
08/21/2030
 
TOP OF THE 1ST
Lancaster Farmers batting - Pitching for Atlantic City Sonics : RHP Lincoln Spooner
Pitching: RHP Lincoln Spooner
Batting: RHB Juan Pedraza 0-0: Ball
1-0: Called Strike
1-1: Ball
2-1: Fly out, F8 (Flyball, 8RD)
Batting: RHB Kasper Schuilenberg 0-0: Called Strike
0-1: Called Strike
0-2: Fly out, F7 (Line Drive, 7)
Batting: LHB Manuel Núñez 0-0: Foul Ball, location: 2F
0-1: Ball
1-1: Called Strike
1-2: Strikes out swinging
Top of the 1st over - 0 runs, 0 hits, 0 errors, 0 left on base; Lancaster 0 - Atlantic City 0
BOTTOM OF THE 1ST
Atlantic City Sonics batting - Pitching for Lancaster Farmers : RHP Javier Contreras
Pitching: RHP Javier Contreras
Batting: RHB Thurman Blumer 0-0: Swinging Strike
0-1: Foul Ball, location: 2F
0-2: Ground out 5-3 (Groundball, 5D)
Batting: LHB Juan Ledezma 0-0: Ground out U3 (Groundball, 34)
Batting: RHB Eddie Sachs 0-0: Ball
1-0: Ball
2-0: Swinging Strike
2-1: Ball
3-1: Fly out, F8 (Flyball, 8LD)
Bottom of the 1st over - 0 runs, 0 hits, 0 errors, 0 left on base; Lancaster 0 - Atlantic City 0
TOP OF THE 2ND
Lancaster Farmers batting - Pitching for Atlantic City Sonics : RHP Lincoln Spooner
Batting: RHB Ramón Degollado 0-0: Ball
1-0: Called Strike
1-1: Foul Ball, location: 2F
1-2: Fly out, F7 (Flyball, 78M)
Batting: RHB Woodrow Terrebonne 0-0: SINGLE (Groundball, 56D)
Batting: RHB Hou Kong 0-0: Foul Ball, location: 2F
0-1: Foul Ball, location: 2F
0-2: Ball
Wild Pitch!
Woodrow Terrebonne to second
1-2: Ball
2-2: Foul Ball, location: 2F
2-2: Ball
3-2: Fly out, F9 (Flyball, 9LM)
Batting: RHB Gabe Cain 0-0: Swinging Strike
0-1: Ball
1-1: Fly out, F9 (Flyball, 9S)
Top of the 2nd over - 0 runs, 1 hit, 0 errors, 1 left on base; Lancaster 0 - Atlantic City 0
BOTTOM OF THE 2ND
Atlantic City Sonics batting - Pitching for Lancaster Farmers : RHP Javier Contreras
Batting: LHB Kelvin Abbott 0-0: Called Strike
0-1: Ball
1-1: Ground out 6-3 (Groundball, 4M)
Batting: RHB Alejandro Sánchez 0-0: Fly out, F9 (Flyball, 9LD)
Batting: LHB José Pacheco 0-0: Foul Ball, location: 2F
0-1: Ball
1-1: Swinging Strike
1-2: Foul Ball, location: 2F
1-2: Ball
2-2: Ball
3-2: Base on Balls
Batting: RHB Eddie McDoom 0-0: Ball
1-0: Ball
2-0: Called Strike
2-1: Fielders Choice at 2nd, 5-4 (Groundball, 56)
Bottom of the 2nd over - 0 runs, 0 hits, 0 errors, 1 left on base; Lancaster 0 - Atlantic City 0
TOP OF THE 3RD
Lancaster Farmers batting - Pitching for Atlantic City Sonics : RHP Lincoln Spooner
Batting: RHB Bogumil Tiwontschik 0-0: Called Strike
0-1: Ground out 5-3 (Groundball, 56)
Batting: RHB Diego Méndez 0-0: Ball
1-0: Ball
2-0: Foul Ball, location: 2F
2-1: Ball
3-1: Swinging Strike
3-2: Foul Ball, location: 2F
3-2: Base on Balls
Batting: RHB Juan Pedraza 0-0: Ball
1-0: Fielders Choice at 2nd, 1-4 (Groundball, 15S)
Batting: RHB Kasper Schuilenberg 0-0: Foul Ball, location: 2F
0-1: Ball
1-1: Swinging Strike
1-2: Fly out, F9 (Flyball, 9)
Top of the 3rd over - 0 runs, 0 hits, 0 errors, 1 left on base; Lancaster 0 - Atlantic City 0
BOTTOM OF THE 3RD
Atlantic City Sonics batting - Pitching for Lancaster Farmers : RHP Javier Contreras
Batting: RHB Malcolm Campbell 0-0: Swinging Strike
0-1: Ball
1-1: Ball
2-1: Ball
3-1: Swinging Strike
3-2: Ground out 4-3 (Groundball, 4D)
Batting: SHB Curt Pack 0-0: Called Strike
0-1: Fly out, F8 (Flyball, 8LD)
Batting: RHB Thurman Blumer 0-0: Called Strike
0-1: Ground out 5-3 (Groundball, 56S)
Bottom of the 3rd over - 0 runs, 0 hits, 0 errors, 0 left on base; Lancaster 0 - Atlantic City 0
TOP OF THE 4TH
Lancaster Farmers batting - Pitching for Atlantic City Sonics : RHP Lincoln Spooner
Batting: LHB Manuel Núñez 0-0: Ball
1-0: Ball
2-0: Swinging Strike
2-1: Ball
3-1: SINGLE (Line Drive, 4)
Batting: RHB Ramón Degollado 0-0: Ball
1-0: Ball
Wild Pitch!
Manuel Núñez to second
2-0: Ball
3-0: Base on Balls
Batting: RHB Woodrow Terrebonne 0-0: Ball
1-0: Ball
2-0: Called Strike
2-1: Called Strike
2-2: Ball
3-2: Foul Ball, location: 2F
3-2: Base on Balls
Manuel Núñez to third
Ramón Degollado to second
Batting: RHB Hou Kong 0-0: Swinging Strike
0-1: Ball
1-1: Ball
2-1: Swinging Strike
2-2: Foul Ball, location: 2F
2-2: Strikes out swinging
Batting: RHB Gabe Cain 0-0: Foul Ball, location: 2F
0-1: Swinging Strike
0-2: Fielders Choice at 2nd, 3-6 (Groundball, 34)
Manuel Núñez scores
Ramón Degollado to third
Batting: RHB Bogumil Tiwontschik 0-0: Foul Ball, location: 2F
0-1: Ball
1-1: SINGLE (Line Drive, 6D)
Ramón Degollado scores
Gabe Cain to second
Batting: RHB Diego Méndez 0-0: Called Strike
0-1: Swinging Strike
0-2: Ball
1-2: SINGLE (Line Drive, 56)
Gabe Cain to third
Bogumil Tiwontschik to second
Runner from 3rd tries for Home, SAFE, no throw
Batting: RHB Juan Pedraza 0-0: Ball
1-0: Ball
2-0: Ball
3-0: Called Strike
3-1: Base on Balls
Bogumil Tiwontschik to third
Diego Méndez to second
Batting: RHB Kasper Schuilenberg 0-0: Swinging Strike
0-1: Foul Ball, location: 2F
0-2: Ball
1-2: Ball
2-2: Ball
3-2: Foul Ball, location: 2F
3-2: Strikes out swinging
Top of the 4th over - 3 runs, 3 hits, 0 errors, 3 left on base; Lancaster 3 - Atlantic City 0
BOTTOM OF THE 4TH
Atlantic City Sonics batting - Pitching for Lancaster Farmers : RHP Javier Contreras
Batting: LHB Juan Ledezma 0-0: Ball
1-0: Ground out U3 (Groundball, 34)
Batting: RHB Eddie Sachs 0-0: Called Strike
0-1: Fly out, F8 (Flyball, 8RD)
Batting: LHB Kelvin Abbott 0-0: Called Strike
0-1: Ball
1-1: TRIPLE (Flyball, 89XD)
Batting: RHB Alejandro Sánchez 0-0: Ground out U3 (Groundball, 3L)
Bottom of the 4th over - 0 runs, 1 hit, 0 errors, 1 left on base; Lancaster 3 - Atlantic City 0
TOP OF THE 5TH
Lancaster Farmers batting - Pitching for Atlantic City Sonics : RHP Lincoln Spooner
Batting: LHB Manuel Núñez 0-0: Called Strike
0-1: Ball
1-1: Swinging Strike
1-2: Ball
2-2: Foul Ball, location: 2F
2-2: Ball
3-2: Foul Ball, location: 2F
3-2: Foul Ball, location: 2F
3-2: Strikes out looking
Batting: RHB Ramón Degollado 0-0: Ball
1-0: Ground out 3-1 (Groundball, 34)
Batting: RHB Woodrow Terrebonne 0-0: Called Strike
0-1: Ball
1-1: Fly out, F8 (Flyball, 8RM)
Top of the 5th over - 0 runs, 0 hits, 0 errors, 0 left on base; Lancaster 3 - Atlantic City 0
BOTTOM OF THE 5TH
Atlantic City Sonics batting - Pitching for Lancaster Farmers : RHP Javier Contreras
Batting: LHB José Pacheco 0-0: Ground out U3 (Groundball, 23)
Batting: RHB Eddie McDoom 0-0: Ball
1-0: Ball
2-0: Called Strike
2-1: Ball
3-1: Base on Balls
Batting: RHB Malcolm Campbell 0-0: Called Strike
0-1: Called Strike
0-2: Ball
1-2: Foul Ball, location: 2F
1-2: Ball
2-2: Foul Ball, location: 2F
2-2: Strikes out looking
Batting: SHB Curt Pack 0-0: Called Strike
0-1: Ball
1-1: Fielders Choice at 2nd, 6-4 (Groundball, 6MD)
Bottom of the 5th over - 0 runs, 0 hits, 0 errors, 1 left on base; Lancaster 3 - Atlantic City 0
TOP OF THE 6TH
Lancaster Farmers batting - Pitching for Atlantic City Sonics : RHP Lincoln Spooner
Batting: RHB Hou Kong 0-0: Foul Ball, location: 2F
0-1: Ball
1-1: Fly out, F4 (Popup, 4)
Batting: RHB Gabe Cain 0-0: Ball
1-0: Foul Ball, location: 2F
1-1: Called Strike
1-2: Foul Ball, location: 2F
1-2: Foul Ball, location: 2F
1-2: Strikes out swinging
Batting: RHB Bogumil Tiwontschik 0-0: Ball
1-0: Ball
2-0: Ball
3-0: Called Strike
3-1: Fly out, F6 (Popup, 6D)
Top of the 6th over - 0 runs, 0 hits, 0 errors, 0 left on base; Lancaster 3 - Atlantic City 0
BOTTOM OF THE 6TH
Atlantic City Sonics batting - Pitching for Lancaster Farmers : RHP Javier Contreras
Batting: RHB Thurman Blumer 0-0: Called Strike
0-1: Fly out, F9 (Flyball, 89D)
Batting: LHB Juan Ledezma 0-0: Fly out, F1 (Popup, P)
Batting: RHB Eddie Sachs 0-0: Called Strike
0-1: Foul Ball, location: 2F
0-2: Ball
1-2: Ball
2-2: Fly out, F8 (Flyball, 8LM)
Bottom of the 6th over - 0 runs, 0 hits, 0 errors, 0 left on base; Lancaster 3 - Atlantic City 0
TOP OF THE 7TH
Lancaster Farmers batting - Pitching for Atlantic City Sonics : RHP Lincoln Spooner
Batting: RHB Diego Méndez 0-0: Ball
1-0: Called Strike
1-1: Called Strike
1-2: Strikes out swinging
Batting: RHB Juan Pedraza 0-0: Called Strike
0-1: Ball
1-1: SINGLE (Groundball, 6MD)
Pitching: RHP Kenny Powers
Batting: RHB Kasper Schuilenberg 0-0: Called Strike
0-1: Foul Ball, location: 2F
0-2: Ball
1-2: Ball
2-2: Foul Ball, location: 2F
2-2: Ball
3-2: Fly out, F8 (Flyball, 8LM)
Batting: LHB Manuel Núñez 0-0: Swinging Strike
0-1: Ball
1-1: Foul Ball, location: 2F
1-2: Ball
2-2: Ball
3-2: Foul Ball, location: 2F
3-2: Foul Ball, location: 2F
3-2: Fly out, F9 (Flyball, 89M)
Top of the 7th over - 0 runs, 1 hit, 0 errors, 1 left on base; Lancaster 3 - Atlantic City 0
BOTTOM OF THE 7TH
Atlantic City Sonics batting - Pitching for Lancaster Farmers : RHP Javier Contreras
Batting: LHB Kelvin Abbott 0-0: Ball
1-0: Ball
2-0: Fly out, F2 (Popup, 5SF)
Batting: RHB Alejandro Sánchez 0-0: Ground out 6-3 (Groundball, 6)
Batting: LHB José Pacheco 0-0: Called Strike
0-1: Fly out, F8 (Flyball, 78S)
Bottom of the 7th over - 0 runs, 0 hits, 0 errors, 0 left on base; Lancaster 3 - Atlantic City 0
TOP OF THE 8TH
Lancaster Farmers batting - Pitching for Atlantic City Sonics : RHP Kenny Powers
Batting: RHB Ramón Degollado 0-0: Ball
1-0: Foul Ball, location: 2F
1-1: Ball
2-1: Ball
3-1: Foul Ball, location: 2F
3-2: Foul Ball, location: 2F
3-2: Foul Ball, location: 2F
3-2: Foul Ball, location: 2F
3-2: SINGLE (Groundball, 5D)
Batting: RHB Woodrow Terrebonne 0-0: Ball
1-0: Foul Ball, location: 2F
1-1: Swinging Strike
1-2: Strikes out swinging
Batting: RHB Hou Kong 0-0: Ball
1-0: Ball
2-0: Ball
3-0: Base on Balls
Ramón Degollado to second
Batting: RHB Gabe Cain 0-0: SINGLE (Flyball, 7S)
Ramón Degollado to third
Hou Kong to second
Throwing error, E7
Ramón Degollado scores
Hou Kong to third
Gabe Cain to second
Batting: RHB Bogumil Tiwontschik 0-0: Intentional Walk
Batting: RHB Diego Méndez 0-0: Ball
1-0: Swinging Strike
1-1: Ball
2-1: Called Strike
2-2: Grounds into fielders choice 4-2 (Groundball, 4)
Gabe Cain to third
Bogumil Tiwontschik to second
Batting: RHB Juan Pedraza 0-0: Called Strike
0-1: Foul Ball, location: 2F
0-2: Ball
1-2: Ball
2-2: Ball
3-2: Base on Balls
Gabe Cain scores
Bogumil Tiwontschik to third
Diego Méndez to second
Batting: RHB Kasper Schuilenberg 0-0: Called Strike
0-1: Ball
1-1: Foul Ball, location: 2F
1-2: Ball
2-2: Ball
3-2: Strikes out swinging
Top of the 8th over - 2 runs, 2 hits, 1 error, 3 left on base; Lancaster 5 - Atlantic City 0
BOTTOM OF THE 8TH
Atlantic City Sonics batting - Pitching for Lancaster Farmers : RHP Javier Contreras
Batting: RHB Eddie McDoom 0-0: Foul Ball, location: 2F
0-1: Foul Ball, location: 2F
0-2: Ball
1-2: Foul Ball, location: 2F
1-2: Ground out 5-3 (Groundball, 56)
Batting: RHB Malcolm Campbell 0-0: Ground out 6-3 (Groundball, 6)
Batting: SHB Curt Pack 0-0: Swinging Strike
0-1: Ball
1-1: Ball
2-1: Foul Ball, location: 2F
2-2: Foul Ball, location: 2F
2-2: Ball
3-2: SINGLE (Groundball, 34S) (infield hit)
Batting: RHB Thurman Blumer 0-0: Fielders Choice at 2nd, 5-4 (Groundball, 5)
Bottom of the 8th over - 0 runs, 1 hit, 0 errors, 1 left on base; Lancaster 5 - Atlantic City 0
TOP OF THE 9TH
Lancaster Farmers batting - Pitching for Atlantic City Sonics : RHP Kenny Powers
Batting: LHB Manuel Núñez 0-0: Called Strike
0-1: Ball
1-1: Called Strike
1-2: Foul Ball, location: 2F
1-2: Ball
2-2: Foul Ball, location: 2F
2-2: Foul Ball, location: 2F
2-2: Strikes out looking
Batting: RHB Ramón Degollado 0-0: Called Strike
0-1: Foul Ball, location: 2F
0-2: Strikes out looking
Batting: RHB Woodrow Terrebonne 0-0: Ball
1-0: Ball
2-0: Called Strike
2-1: Ball
3-1: Base on Balls
Pitching: LHP Rob Smith
Batting: RHB Hou Kong 0-0: Ball
1-0: Ball
2-0: Ball
3-0: Base on Balls
Woodrow Terrebonne to second
Batting: RHB Gabe Cain 0-0: Ball
1-0: SINGLE (Line Drive, 89S)
Woodrow Terrebonne to third
Hou Kong to second
Runner from 3rd tries for Home, SAFE, no throw
Batting: RHB Bogumil Tiwontschik 0-0: Ball
1-0: Ball
2-0: Fielders Choice at 2nd, 5-4 (Groundball, 56)
Top of the 9th over - 1 run, 1 hit, 0 errors, 2 left on base; Lancaster 6 - Atlantic City 0
BOTTOM OF THE 9TH
Atlantic City Sonics batting - Pitching for Lancaster Farmers : RHP Javier Contreras
Batting: LHB Juan Ledezma 0-0: Called Strike
0-1: Called Strike
0-2: Ground out 6-3 (Groundball, 6)
Batting: RHB Eddie Sachs 0-0: Foul Ball, location: 2F
0-1: Foul Ball, location: 2F
0-2: Foul Ball, location: 2F
0-2: Foul Ball, location: 2F
0-2: Ball
1-2: Fly out, F7 (Line Drive, 78M)
Batting: LHB Kelvin Abbott 0-0: Called Strike
0-1: Foul Ball, location: 2F
0-2: Ball
1-2: Ground out 5-3 (Groundball, 56S)
Bottom of the 9th over - 0 runs, 0 hits, 0 errors, 0 left on base; Lancaster 6 - Atlantic City 0
Sunday, March 18th, 2018 - OOTP Baseball 18.8 Build 76